 Dungeon Crawl Stone Soup version 0.25-a0-253-g6f1b5d974a (webtiles) character file.

Game seed: 7045341316406742745, levelgen mode: deterministic

56 night the Firebug (level 3, -6/25 HPs)
             Began as a Demonspawn Fire Elementalist on Dec 5, 2019.
             Mangled by a gnoll
             ... wielding a +0 halberd
              (18 damage)
             ... on level 2 of the Dungeon.
             The game lasted 00:03:55 (1912 turns).

night the Firebug (Demonspawn Fire Elementalist)    Turns: 1912, Time: 00:03:56

Health: -6/25      AC:  2    Str:  8    XL:     3   Next: 69%
Magic:  2/6        EV: 12    Int: 17    God:
Gold:   84         SH:  0    Dex: 13    Spells: 3/7 levels left

rFire    . . .     SeeInvis .   (no weapon)
rCold    + . .     Gourm    .   (no shield)
rNeg     . . .     Faith    .   a - +0 robe
rPois    .         Spirit   .   (no helmet)
rElec    .         Reflect  .   (no cloak)
rCorr    .         Harm     .   (no gloves)
MR       .....                  (no boots)
Stlth    ++........             (no amulet)
HPRegen  0.08/turn              (no ring)
MPRegen  0.10/turn              (no ring)

@: very slightly contaminated
A: claws 1, cold resistance 1
a: no special abilities


You were on level 2 of the Dungeon.
You were not hungry.

You visited 1 branch of the dungeon, and saw 2 of its levels.

You collected 84 gold pieces.

Inventory:

Missiles
 h - 14 bolts
 m - 7 boomerangs (quivered)
Armour
 a - a +0 robe (worn)
Scrolls
 f - a scroll of teleportation {unknown}
 k - a scroll of identify {unknown}
Potions
 b - a potion of heal wounds {unknown}
 d - a potion of ambrosia {unknown}
 e - a potion of resistance {unknown}
 g - a potion of mutation {unknown}
 i - 2 potions of flight {unknown}
 l - a potion of berserk rage {unknown}
 n - a potion of brilliance {unknown}
Comestibles
 c - 4 rations
 j - 3 chunks of flesh


   Skills:
 + Level 0.6 Fighting
 - Level 1.7 Dodging
 - Level 1.7 Stealth
 + Level 0.4 Unarmed Combat
 + Level 2.6 Spellcasting
 + Level 2.0 Conjurations
 + Level 3.2 Fire Magic


You had 3 spell levels left.
You knew the following spells:

 Your Spells              Type           Power        Failure   Level  Hunger
a - Foxfire               Conj/Fire      ##..         6%          1    #......
b - Conjure Flame         Conj/Fire      ##......     19%         3    ###....

Your spell library contained the following spells:

 Spells                   Type           Power        Failure   Level  Hunger
 Inner Flame              Hex/Fire       #.......     28%         3    ###....
 Sticky Flame             Conj/Fire      ##......     52%         4    #####..
 Fireball                 Conj/Fire      ##........   86%         5    ######.


Dungeon Overview and Level Annotations

Branches:
Dungeon (2/15)

Altars:


Innate Abilities, Weirdness & Mutations

You have sharp fingernails.
Your flesh is cold resistant. (rC+)


Message History

The gnoll barely misses you.
Casting: Foxfire (safe; 6% risk of failure)
Confirm with . or Enter, or press ? or * to list all spells.
You miscast Foxfire.
You are very lightly contaminated with residual magic.
Heat runs through your body. The gnoll barely misses you.
Casting: Foxfire (safe; 6% risk of failure)
Confirm with . or Enter, or press ? or * to list all spells.
You conjure some foxfire!
The gnoll hits you from afar with a +0 halberd!
The foxfire hits the gnoll but does no damage.
The foxfire hits the gnoll.
The gnoll is lightly wounded.
The gnoll hits you from afar with a +0 halberd.
Casting: Foxfire (safe; 6% risk of failure)
Confirm with . or Enter, or press ? or * to list all spells.
You conjure some foxfire!
The gnoll hits you from afar with a +0 halberd!!
Ouch! That really hurt!
You die...

#.#...######..#.##
######'#...#########.#.
#.......###.........)#.
####.......# #.#######..#.
#####.##.......# #.##....#..#.
#...#8##.......###.##....#..#.
##...#..#...........##....#..#.
#...P#..######v#######....#..#.
#⌠_..'..#....§@.gg...'.......#.
#..P.#..######v#######....#.##.
##..8#...# #.# #....g.....#.
#...#.P.#####.# #.#.......##.
#####.......#.# #............
#####.........# ###.......###
#...#...##....# #..........
##8..#...#.....# #..........
#....#..##.....# #######....


You could see 2 gnolls.

Vanquished Creatures
  A gnoll (D:2)
  2 adders (D:2)
  A leopard gecko (D:1)
  2 ball pythons (D:2)
  6 bats
  3 giant cockroaches (D:1)
  4 goblins (D:1)
  2 hobgoblins
  2 kobolds
  3 rats
26 creatures vanquished.

Vanquished Creatures (others)
  80 foxfires
80 creatures vanquished.

Grand Total: 106 creatures vanquished

Notes
Turn   | Place    | Note
-------+----------+-------------------------------------------
     0 | D:1      | night the Demonspawn Fire Elementalist began the quest for
                  | the Orb.
     0 | D:1      | Reached XP level 1. HP: 13/13 MP: 3/3
   420 | D:1      | Gained mutation: You have sharp fingernails. [demonic
                  | ancestry]
   420 | D:1      | Reached XP level 2. HP: 19/19 MP: 1/5
   682 | D:1      | Reached skill level 3 in Fire Magic
  1287 | D:2      | Gained mutation: Your flesh is cold resistant. (rC+)
                  | [demonic ancestry]
  1287 | D:2      | Reached XP level 3. HP: 21/24 MP: 6/6
  1516 | D:2      | Learned a level 3 spell: Conjure Flame
  1873 | D:2      | Found a faded altar of an unknown god.
  1912 | D:2      | Mangled by a gnoll

Levels and vault maps discovered:
D:1:      lemuel_arrival_hallway, layout_basic, serial_forest,
          infiniplex_forest_clump_curved, infiniplex_forest_clump_medium,
          infiniplex_forest_straight_2, infiniplex_forest_clump_curved,
          infiniplex_forest_lined_3, infiniplex_forest_lined_3,
          minmay_misc_feat_iff
D:2:      layout_basic, chequers_ecumenical_altar_lobes

Skill      XL: |  1  2  3 |
---------------+----------+-----
Fire Magic     | 3 |  3.2
Conjurations   | 2 |  2.0
Fighting       | |  0.6
Dodging        | |  1.7
Stealth        | |  1.7
Unarmed Combat | |  0.4
Spellcasting   | |  2.6

Action                   || total
-------------------------++-------
Melee: Unarmed           ||    16
 Cast: Foxfire           ||    48
       Conjure Flame     ||     1
  Eat: Chunk             ||     4
Armor: Robe              ||     9
Dodge: Dodged            ||    42

Table legend:
 A = Non-vault XP
 B = Vault XP
 C = Vault XP percentage of total XP
 D = Non-vault monster count
 E = Vault monster count
 F = Vault count percentage of total count
                 A         B        C        D         E       F
            +---------+---------+-------+---------+---------+-------
      Total |      80 |       0 |   0.0 |      26 |       0 |   0.0
            +---------+---------+-------+---------+---------+-------
        D:1 |      27 |       0 |   0.0 |      15 |       0 |   0.0
        D:2 |      53 |       0 |   0.0 |      11 |       0 |   0.0
            +---------+---------+-------+---------+---------+-------
